 Dungeon Crawl Stone Soup version 0.28.0 (webtiles) character file.

Game seed: 12796343223664726333

0 cbfl8 the Sneak (level 1, 0/19 HPs)
             Began as a Minotaur Delver on Feb 14, 2022.
             Slain by a killer bee zombie (2 damage)
             ... on level 5 of the Dungeon.
             The game lasted 00:00:15 (26 turns).

cbfl8 the Sneak (Minotaur Delver)                     Turns: 26, Time: 00:00:16

Health: 0/19       AC:  3    Str: 16    XL:     1   Next: 0%
Magic:  0/0        EV: 11    Int:  7    God:
Gold:   0          SH:  0    Dex: 11    Spells: 0/0 levels left

rFire   . . .      SeeInvis .   a - +0 hand axe
rCold   . . .      Faith    .   (no shield)
rNeg    . . .      Spirit   .   b - +0 leather armour
rPois   .          Reflect  .   (helmet restricted)
rElec   .          Harm     .   (no cloak)
rCorr   .          Rampage  .   (no gloves)
Will    .....                   (no boots)
Stlth   +.........              (no amulet)
HPRegen 0.06/turn               (no ring)
MPRegen 0.07/turn               (no ring)

@: very slow
A: horns 2, retaliatory headbutt
a: no special abilities


You were on level 5 of the Dungeon.
You visited 1 branch of the dungeon, and saw 1 of its levels.

Inventory:

Hand Weapons
 a - a +0 hand axe (weapon)
Armour
 b - a +0 leather armour (worn)
Wands
 g - a wand of digging (3)
Scrolls
 c - a scroll of fog
 d - a scroll of magic mapping
 e - a scroll of fear
Potions
 f - a potion of haste


   Skills:
 + Level 3.6 Fighting
 + Level 2.4 Axes
 + Level 2.1 Dodging
 + Level 4.1 Stealth


You couldn't memorise any spells.
You didn't know any spells.
Your spell library was empty.

Dungeon Overview and Level Annotations

Branches:
Dungeon (5/15)
 Temple: D:4-7

Altars:
Fedhas


Innate Abilities, Weirdness & Mutations

You have a pair of horns on your head.
You reflexively headbutt those who attack you in melee.


Message History

Found an escape hatch in the ceiling.
Found a stone staircase leading down.
There is a stone staircase leading down here.
You enter the shallow water.
Moving in this stuff is going to be slow.
Why would you want to do that? Why would you want to do that?
Why would you want to do that?
You enter the shallow water.
Moving in this stuff is going to be slow.
Found an escape hatch in the floor.
Why would you want to do that? Why would you want to do that?
You enter the shallow water.
Moving in this stuff is going to be slow.
Found a blossoming altar of Fedhas.
You enter the shallow water.
Moving in this stuff is going to be slow.
A killer bee zombie comes into view.
You enter the shallow water.
Moving in this stuff is going to be slow.
An adder comes into view.
The killer bee zombie misses you.
Your unstable footing causes you to fumble your attack.
The adder hisses angrily.
The killer bee zombie hits you.
The killer bee zombie closely misses you.
You hit the bush but do no damage. You hit the plant.
The plant begins to die.
You hit the killer bee zombie. You hit the bush but do no damage.
The killer bee zombie hits you.
The killer bee zombie barely misses you.
You furiously retaliate!
You headbutt the killer bee zombie.
Your unstable footing causes you to fumble your attack.
The killer bee zombie hits you!
* * * LOW HITPOINT WARNING * * *
The killer bee zombie hits you.
* * * LOW HITPOINT WARNING * * *
The adder misses you.
Your unstable footing causes you to fumble your attack.
A nearby plant withers and dies.
The killer bee zombie hits you.
You die...

#..####...≈≈≈.....
#.......≈≈≈≈≈≈≈..#
#......≈≈≈≈≈≈≈≈≈..
#..##.≈≈≈≈≈≈≈≈≈≈≈.
##..#..≈≈≈≈PP≈≈≈≈
....###..≈≈≈ZS≈≈≈≈≈≈
.... ##..≈≈≈≈≈≈≈≈≈.
##. ##..≈≈≈≈≈≈≈.. #
#....≈≈≈....
##..........
#....####.. ..####
.. ...


You could see an adder and a killer bee zombie.

Vanquished Creatures (others)
  A plant (D:5)
1 creature vanquished.

Notes
Turn   | Place    | Note
-------+----------+-------------------------------------------
     0 | D:5      | cbfl8 the Minotaur Delver began the quest for the Orb.
     0 | D:5      | Reached XP level 1. HP: 19/19 MP: 0/0
     9 | D:5      | Found a blossoming altar of Fedhas.
    26 | D:5      | Slain by a killer bee zombie

Illustrated notes

Levels and vault maps discovered:
D:5:      layout_layer_cave, fedhas_ov_isle_minmay, minmay_misc_feat_rows,
          uniq_blork_the_orc

Action                   || total
-------------------------++-------
Melee: Hand axe          ||     4
Dodge: Dodged            ||     4
